 Dungeon Crawl Stone Soup version 0.29.0-4-gdea44cf6ec (webtiles) character file.

Game seed: 10357662808093515338

105 qw the Chopper (level 4, 0/26 HPs)
             Began as a Tengu Warper on Aug 28, 2022.
             Slain by a scorpion (4 damage)
             ... on level 4 of the Dungeon.
             The game lasted 00:00:19 (3601 turns).

qw the Chopper (Tengu Warper)                       Turns: 3601, Time: 00:00:19

Health: 0/26       AC:  5    Str: 13    XL:     4   Next: 81%
Magic:  8/8        EV: 10    Int: 14    God:
Gold:   176        SH:  4    Dex: 13    Spells: 7/7 levels left

rFire   . . .      SeeInvis .   a - +0 war axe
rCold   . . .      Faith    .   l - +0 buckler
rNeg    . . .      Spirit   .   j - +0 ring mail
rPois   .          Reflect  .   (helmet restricted)
rElec   .          Harm     .   (no cloak)
rCorr   .          Rampage  .   (no gloves)
Will    .....                   (boots unavailable)
Stlth   +.........              (no amulet)
HPRegen 0.08/turn               (no ring)
MPRegen 0.11/turn               (no ring)

@: lethally poisoned (0 -> -15)
A: beak, talons 3
a: no special abilities


You were on level 4 of the Dungeon.
You visited 1 branch of the dungeon, and saw 4 of its levels.

You collected 176 gold pieces.


Innate Abilities, Weirdness & Mutations

You have a beak for a mouth.
You have claws for feet.


   Skills:
 - Level 2.0 Fighting
 + Level 5.1 Axes
 - Level 1.0 Throwing
 - Level 1.1 Armour
 - Level 2.1 Dodging
 - Level 1.0 Shields
 - Level 2.0 Spellcasting
 - Level 2.4 Translocations


You had 7 spell levels left.
You didn't know any spells.
Your spell library contained the following spells:

 Spells                   Type           Power      Damage    Failure   Level
 Blink                    Tloc           16%        N/A       36%         2
 Gell's Gravitas          Tloc           8%         N/A       61%         3
 Lesser Beckoning         Tloc           8%         N/A       61%         3
 Teleport Other           Tloc           8%         N/A       61%         3
 Manifold Assault         Tloc           8%         N/A       100%        5

Inventory:

Hand Weapons
 a - a +0 war axe (weapon)
 h - a +0 flail
Missiles
 k - a javelin (quivered)
Armour
 j - a +0 ring mail (worn)
 l - a +0 buckler (worn)
Scrolls
 e - a scroll of identify
 g - 2 scrolls of teleportation
Potions
 b - a potion of heal wounds {unknown}
 c - a potion of ambrosia {unknown}
 f - a potion of curing
 i - a potion of cancellation
 m - a potion of might
 o - a potion of haste

Dungeon Overview and Level Annotations

Branches:
Dungeon (4/15)
 Temple: D:4-7

Altars:
Makhleb


Message History

Press: ? - help, Q - select action Shift-Dir - straight line, f/p - hobgoblin You throw a javelin.
The javelin barely misses the hobgoblin.
You hit the hobgoblin.
You kill the hobgoblin!
Found 9 stones.
b - a sedimented blue potion A scorpion and an adder come into view.
The adder hisses angrily.
Throw: 2 javelins
Press: ? - help, Q - select action Shift-Dir - straight line, f - adder You throw a javelin.
The javelin barely misses the adder.
You hit the adder. Your kick misses the adder. Your peck misses the adder.
The adder is moderately wounded.
The adder closely misses you. The adder barely misses you.
You slash the adder!
You kill the adder!
You closely miss the scorpion. You block the scorpion's attack.
You hit the scorpion.
The scorpion is lightly wounded.
The scorpion stings you.
You are poisoned.
The scorpion poisons you! The scorpion closely misses you.
You hit the scorpion but do no damage.
The scorpion is lightly wounded.
You feel very sick. The scorpion barely misses you.
The scorpion stings you but does no damage.
You closely miss the scorpion.
The scorpion is lightly wounded.
You feel sick. The scorpion stings you.
You are lethally poisoned!
The scorpion poisons you!
You hit the scorpion but do no damage.
You peck the scorpion, but do no damage.
The scorpion is lightly wounded.
You feel very sick. The scorpion stings you.
You die...

#. ... #. ..#
#. ..####. #.
.......
######.#.((....
...(..(........
#....s.......
##@.# #...#
####...#
##<.##..+
#...'...#
#...#...#
#########


You could see a scorpion.

Vanquished Creatures
  2 adders
  A worm (D:2)
  A dart slug (D:3)
  9 orcs
  6 ball pythons
  8 bats
  4 endoplasms
  A giant cockroach (D:3)
  4 goblins
  10 hobgoblins
  6 jackals
  A frilled lizard (D:1)
  9 kobolds
  8 rats
70 creatures vanquished.

Notes
Turn   | Place    | Note
-------+----------+-------------------------------------------
     0 | D:1      | qw the Tengu Warper began the quest for the Orb.
     0 | D:1      | Reached XP level 1. HP: 12/12 MP: 4/4
     0 | D:1      | 0 ||| qw: Version: 0.1-a-89-g26bdef1
     0 | D:1      | 0 ||| qw: Game counter: 1672
     0 | D:1      | 0 ||| qw: Always use a shield: true
     0 | D:1      | 0 ||| qw: God list: Okawaru
     0 | D:1      | 0 ||| qw: Allow faded altars: false
     0 | D:1      | 0 ||| qw: Do Orc after D:15 true
     0 | D:1      | 0 ||| qw: Do second Lair branch before Depths: true
     0 | D:1      | 0 ||| qw: Lair rune preference: random
     0 | D:1      | 0 ||| qw: Plans: Normal
     0 | D:1      | 0 ||| PLANNING D:1-11
   350 | D:1      | 350 ||| Stepping ~*~*~tactically~*~*~ (stealth).
   378 | D:1      | 378 ||| Stepping ~*~*~tactically~*~*~ (stealth).
   397 | D:1      | Reached XP level 2. HP: 17/17 MP: 6/6
   399 | D:1      | Reached skill level 3 in Axes
   616 | D:1      | 616 ||| Stepping ~*~*~tactically~*~*~ (stealth).
   629 | D:1      | 629 ||| Stepping ~*~*~tactically~*~*~ (stealth).
   638 | D:1      | 638 ||| Stepping ~*~*~tactically~*~*~ (stealth).
   746 | D:1      | 746 ||| Stepping ~*~*~tactically~*~*~ (stealth).
   959 | D:1      | 959 ||| Stepping ~*~*~tactically~*~*~ (stealth).
   997 | D:1      | Reached XP level 3. HP: 21/21 MP: 7/7
  1027 | D:1      | 1027 ||| Stepping ~*~*~tactically~*~*~ (stealth).
  1255 | D:1      | Reached skill level 4 in Axes
  1441 | D:1      | 1441 ||| UPGRADING to +0 ring mail.
  1451 | D:1      | 1451 ||| DROPPING +0 leather armour.
  1452 | D:1      | 1452 ||| READING 2 scrolls labelled EWIHYR AHIEBUC.
  1453 | D:1      | 1453 ||| READING scroll of enchant weapon.
  1453 | D:1      | 1453 ||| ENCHANTING +1 hand axe.
  1454 | D:1      | 1454 ||| READING scroll labelled PIHUYLETTY.
  1455 | D:1      | 1455 ||| READING 3 scrolls labelled RUWIYPL BUVUS.
  1460 | D:1      | 1460 ||| READING scroll labelled DUISOU TIHEF.
  1461 | D:1      | 1461 ||| DROPPING scroll of blinking.
  1557 | D:2      | 1557 ||| Stepping ~*~*~tactically~*~*~ (stealth).
  1613 | D:2      | 1613 ||| Stepping ~*~*~tactically~*~*~ (stealth).
  1642 | D:2      | 1642 ||| Stepping ~*~*~tactically~*~*~ (stealth).
  1643 | D:2      | 1643 ||| Stepping ~*~*~tactically~*~*~ (stealth).
  1644 | D:2      | 1644 ||| Stepping ~*~*~tactically~*~*~ (stealth).
  1645 | D:2      | 1645 ||| Stepping ~*~*~tactically~*~*~ (stealth).
  1774 | D:2      | 1774 ||| Stepping ~*~*~tactically~*~*~ (stealth).
  1776 | D:2      | 1776 ||| Stepping ~*~*~tactically~*~*~ (stealth).
  1864 | D:2      | 1864 ||| DROPPING +0 whip.
  1916 | D:2      | 1916 ||| Stepping ~*~*~tactically~*~*~ (stealth).
  1918 | D:2      | 1918 ||| Stepping ~*~*~tactically~*~*~ (stealth).
  1926 | D:2      | Reached XP level 4. HP: 26/26 MP: 8/8
  2044 | D:2      | 2044 ||| READING scroll of enchant weapon.
  2044 | D:2      | 2044 ||| ENCHANTING +2 hand axe.
  2401 | D:2      | 2401 ||| UPGRADING to +0 buckler.
  2406 | D:2      | 2406 ||| READING scroll labelled OTTIUTEIGUA.
  2407 | D:2      | 2407 ||| READING scroll labelled DEKARRATET.
  2408 | D:2      | 2408 ||| READING scroll labelled NEHAFO PITEGI.
  2409 | D:2      | 2409 ||| DRINKING 2 cyan potions.
  2410 | D:2      | 2410 ||| DRINKING 2 dark potions.
  2411 | D:2      | 2411 ||| DRINKING 2 murky coppery potions.
  2412 | D:2      | 2412 ||| READING 4 scrolls of identify.
  2412 | D:2      | 2412 ||| IDENTIFYING inky potion
  2413 | D:2      | 2413 ||| READING 3 scrolls of identify.
  2413 | D:2      | 2413 ||| IDENTIFYING yellow potion
  2414 | D:2      | 2414 ||| READING 2 scrolls of identify.
  2414 | D:2      | 2414 ||| IDENTIFYING fizzy white potion
  2415 | D:2      | 2415 ||| DROPPING potion of attraction.
  2416 | D:2      | 2416 ||| DROPPING potion of brilliance.
  2664 | D:3      | Found a burning altar of Makhleb.
  2742 | D:3      | 2742 ||| Stepping ~*~*~tactically~*~*~ (stealth).
  2816 | D:3      | 2816 ||| Stepping ~*~*~tactically~*~*~ (hiding).
  2826 | D:3      | Reached skill level 1 in Shields
  2856 | D:3      | 2856 ||| SWAPPING to +0 war axe.
  2857 | D:3      | 2857 ||| DROPPING +3 hand axe.
  3107 | D:3      | Reached skill level 5 in Axes
  3312 | D:3      | 3312 ||| READING 2 scrolls of identify.
  3312 | D:3      | 3312 ||| IDENTIFYING fuming blue potion
  3313 | D:3      | 3313 ||| DROPPING potion of lignification.
  3314 | D:3      | 3314 ||| READING 3 scrolls of teleportation.
  3594 | D:4      | Noticed a scorpion
  3601 | D:4      | HP: 4/26 [poisoned by a scorpion]
  3601 | D:4      | Slain by a scorpion

Levels and vault maps discovered:
D:1:      dpeg_arrival_three_smaller_balls, layout_basic
D:2:      layout_basic, minmay_misc_feat_doors
D:3:      minmay_evil_eye, layout_basic, amcnicky_altar_gilded
D:4:      layout_gridville, grunt_temple_overflow_gold_and_silver, minivault_5,
          uniq_crazy_yiuf_cottage, uniq_duvessa

Skill      XL: |  1  2  3  4 |
---------------+-------------+-----
Axes           | 3 4 5 |  5.1
Shields        | 1 |  1.0
Fighting       | |  2.0
Throwing       | |  1.0
Armour         | |  1.1
Dodging        | |  2.1
Spellcasting   | |  2.0
Translocations | |  2.4

Action                   |  1- 3 |  4- 6 || total
-------------------------+-------+-------++-------
Melee: Hand axe          |    94 |    20 ||   114
       Kick              |    22 |    10 ||    32
       Peck              |    11 |     6 ||    17
       Punch             |     2 |       ||     2
       War axe           |       |    21 ||    21
Throw: Boomerang         |     7 |       ||     7
       Javelin           |       |    14 ||    14
  Use: Scroll            |     5 |     9 ||    14
       Potion            |       |     3 ||     3
Armor: Leather armour    |     7 |       ||     7
       Ring mail         |    25 |     8 ||    33
Dodge: Dodged            |    58 |    18 ||    76
Block: Buckler           |       |     6 ||     6

Table legend:
 A = Non-vault XP
 B = Vault XP
 C = Vault XP percentage of total XP
 D = Non-vault monster count
 E = Vault monster count
 F = Vault count percentage of total count
                 A         B        C        D         E       F
            +---------+---------+-------+---------+---------+-------
      Total |     147 |       3 |   2.0 |      69 |       1 |   1.4
            +---------+---------+-------+---------+---------+-------
        D:1 |      49 |       0 |   0.0 |      31 |       0 |   0.0
        D:2 |      43 |       0 |   0.0 |      21 |       0 |   0.0
        D:3 |      40 |       3 |   7.0 |      15 |       1 |   6.2
        D:4 |      15 |       0 |   0.0 |       2 |       0 |   0.0
            +---------+---------+-------+---------+---------+-------
